 Dungeon Crawl Stone Soup version 0.29.1-12-g30fa7ad0bf (webtiles) character file.

Game seed: 1617803026589181618

45 kingofthe the Stinger (level 3, -6/19 HPs)
             Began as a Deep Elf Venom Mage on Jan 15, 2023.
             Splashed by a jelly's acid (7 damage)
             ... on level 2 of the Dungeon.
             The game lasted 00:04:58 (1490 turns).

kingofthe the Stinger (Deep Elf Venom Mage)         Turns: 1490, Time: 00:05:00

Health: -6/19      AC: -2    Str:  5    XL:     3   Next: 42%
Magic:  6/10       EV: 13    Int: 19    God:
Gold:   35         SH:  0    Dex: 17    Spells: 6/9 levels left

rFire   . . .      SeeInvis .   k - +4 short sword
rCold   . . .      Faith    .   (no shield)
rNeg    . . .      Spirit   .   a - +0 robe
rPois   .          Reflect  .   (no helmet)
rElec   .          Harm     .   (no cloak)
rCorr   .          Rampage  .   (no gloves)
Will    .....                   (no boots)
Stlth   +++.......              (no amulet)
HPRegen 0.06/turn               (no ring)
MPRegen 0.12/turn               (no ring)

@: corroded, very slightly contaminated
A: no striking features
a: no special abilities


You were on level 2 of the Dungeon.
You visited 1 branch of the dungeon, and saw 2 of its levels.

You collected 35 gold pieces.

Inventory:

Hand Weapons
 d - a +2 arbalest of flaming
 i - a +0 spear
 k - a +4 short sword (weapon)
Armour
 a - a +0 robe (worn)
Scrolls
 c - a scroll of teleportation {unknown}
 f - a scroll of amnesia {unknown}
 g - a scroll of noise {unknown}
 h - a scroll of immolation {unknown}
 j - a scroll of fog {unknown}
 l - a scroll of identify {unknown}
 m - 2 scrolls of vulnerability {unknown}
Potions
 b - a potion of magic
 e - a potion of brilliance {unknown}


   Skills:
 * Level 3.3 Dodging
 - Level 3.5 Stealth
 + Level 3.5 Spellcasting
 - Level 1.1 Transmutations
 + Level 3.6 Poison Magic


You had 6 spell levels left.
You knew the following spells:

 Your Spells              Type           Power      Damage    Failure   Level
a - Sting                 Tmut/Pois      48%        1d5       5%          1
b - Poisonous Vapours     Pois/Air       20%        N/A       11%         2

Your spell library contained the following spells:

 Spells                   Type           Power      Damage    Failure   Level
 Mephitic Cloud           Conj/Pois/Air  7%         N/A       26%         3
 Olgreb's Toxic Radiance  Pois           17%        N/A       32%         4


Dungeon Overview and Level Annotations

Branches:
Dungeon (2/15)

Altars:

Shops:
D:1 (


Message History

Terence is almost dead.
You kill Terence!
Your magical contamination has completely faded away.
Training target 3.5 for Stealth reached!
You have reached level 3!
Your experience leads to an increase in your attributes!
Increase (S)trength, (I)ntelligence, or (D)exterity?
You feel agile. x2
Things that are here:
a +0 hand axe; a +0 chain mail
There is an escape hatch in the ceiling here.
You start resting.
Magic restored.
You start resting.
A jelly comes into view.
Casting: Sting (safe; 5% risk of failure)
Confirm with . or Enter, or press ? or * to list all spells.
You can't see any susceptible monsters within range! (Use Z to cast anyway.)
Casting: Sting (safe; 5% risk of failure)
Confirm with . or Enter, or press ? or * to list all spells.
You can't see any susceptible monsters within range! (Use Z to cast anyway.)
You can't see any susceptible monsters within range! (Use Z to cast anyway.)
The sting hits the jelly.
The jelly partially resists.
The jelly is poisoned.
The jelly is lightly wounded.
The jelly quivers.
The sting hits the jelly.
The jelly partially resists.
The jelly looks even sicker.
The jelly is lightly wounded.
You miscast Sting.
You are very lightly contaminated with residual magic.
Nothing appears to happen.
The jelly misses you.
The sting hits the jelly.
The jelly partially resists.
The jelly is moderately wounded.
The jelly hits you. The acid corrodes you!
You are splashed with acid!
Ouch! That really hurt!
* * * LOW HITPOINT WARNING * * *
The jelly attacks as you move away! The jelly hits you.
* * * LOW HITPOINT WARNING * * *
You are splashed with acid!
You die...

#.........#..........g
#.........#...........
#.........#.....>.....
###........>...........
....)......)# ......
#####...###.# ..#...
#...###.# # ####
##J...#... #@...#..⌠
##......#.#
###...>.#....
#....##.###### ##
###)##<# .# #. #...##.#
.# #.##.###... .#
#.<..# #.... ######
#....#


You could see a jelly (very poisoned).

Vanquished Creatures
  Terence (D:2)
  3 ball pythons (D:1)
  3 endoplasms (D:1)
  2 hobgoblins (D:1)
  A quokka (D:1)
  A frilled lizard (D:1)
  A goblin (D:1)
  5 kobolds
  3 rats
20 creatures vanquished.

Notes
Turn   | Place    | Note
-------+----------+-------------------------------------------
     0 | D:1      | kingofthe the Deep Elf Venom Mage began the quest for the
                  | Orb.
     0 | D:1      | Reached XP level 1. HP: 10/10 MP: 6/6
   302 | D:1      | Reached XP level 2. HP: 9/15 MP: 2/8
   427 | D:1      | Found Fumiahoxt's Weapon Shoppe.
   599 | D:1      | Learned a level 2 spell: Poisonous Vapours
  1380 | D:2      | Noticed Terence
  1389 | D:2      | Killed Terence
  1390 | D:2      | Reached XP level 3. HP: 9/19 MP: 1/10
  1490 | D:2      | Splashed by a jelly's acid

Illustrated notes

Levels and vault maps discovered:
D:1:      roderic_octagonal_star, layout_loops_ring, serial_shops,
          nicolae_shop_bloodbath_and_beyond, minmay_pentomino_p4
D:2:      layout_rooms, hangedman_feature_mirror, uniq_terence

Skill      XL: |  1  2 |
---------------+-------+-----
Stealth        | 3 |  3.5
Dodging        | 3 |  3.3
Spellcasting   | |  3.5
Transmutations | |  1.1
Poison Magic   | |  3.6

Action                   || total
-------------------------++-------
Melee: Spear             ||     6
       Short sword       ||     5
 Cast: Sting             ||    37
       Poisonous Vapours ||     5
Armor: Robe              ||     1
Dodge: Dodged            ||    15
